 Dungeon Crawl Stone Soup version 0.25.1-2-g60ff931df9 (webtiles) character file.

Game seed: 7731022789651030478

3627 HawFromDerth the Thaumaturge (level 9, -1/71 HPs)
             Began as a Purple Draconian Ice Elementalist on Sept 20, 2020.
             Shot with a sling bullet by Joseph (14 damage)
             ... on level 8 of the Dungeon.
             The game lasted 00:24:19 (10062 turns).

HawFromDerth the Thaumaturge (DrIE)                Turns: 10062, Time: 00:24:19

Health: -1/71      AC: 10    Str:  8    XL:     9   Next: 87%
Magic:  21/21      EV: 14    Int: 20    God:
Gold:   477        SH:  0    Dex: 15    Spells: 13/25 levels left

rFire    . . .     SeeInvis .   d - +4 quarterstaff (chaos)
rCold    . . .     Gourm    .   (shield currently unavailable)
rNeg     . . .     Faith    .   (armour unavailable)
rPois    +         Spirit   .   (helmet restricted)
rElec    .         Reflect  .   s - +2 cloak of the Tick {rPois Str-2 Slay+5}
rCorr    .         Harm     .   (no gloves)
MR       ++...                  (no boots)
Stlth    +++.......             (no amulet)
HPRegen  0.21/turn              g - ring of protection from magic
MPRegen  0.17/turn              (no ring)

@: no status effects
A: breathe power, unfitting armour, agile 2, cold-blooded, AC +7
a: Breathe Dispelling Energy


You were on level 8 of the Dungeon.
You were not hungry.

You visited 1 branch of the dungeon, and saw 8 of its levels.

You collected 577 gold pieces.
You spent 100 gold pieces at shops.

Inventory:

Hand Weapons
 d - a +4 quarterstaff of chaos (weapon)
 h - a +0 dagger
Armour
 n - a +1 cloak
 s - the +2 cloak of the Tick (worn) {rPois Str-2 Slay+5}
   (You found it on level 7 of the Dungeon)

   It affects your strength (-2).
   It affects your accuracy and damage with ranged weapons and melee attacks
   (+5).
   It protects you from poison.
Jewellery
 b - an uncursed amulet of magic regeneration
 g - a ring of protection from magic (left hand)
 m - an uncursed ring of see invisible {unknown}
 t - the amulet "Paonwodai" {Acrobat rPois rF+ Dex-5, unknown}
   (You found it on level 5 of the Dungeon)

   [amulet of the acrobat]

   It helps you evade while moving and waiting.
   It affects your dexterity (-5).
   It protects you from fire.
   It protects you from poison.
 y - a +4 ring of protection {unknown}
Wands
 f - a wand of random effects (15)
 k - a wand of polymorph (11)
 l - a wand of flame (39)
 q - a wand of iceblast (9)
Scrolls
 a - a scroll of blinking
 c - 4 scrolls of teleportation
 e - 2 scrolls of fog
 o - 4 scrolls of identify
 p - 4 scrolls of remove curse
 v - a scroll of amnesia
 w - a scroll of enchant weapon
Potions
 j - a potion of might
 r - a potion of brilliance
 z - a potion of lignification {unknown}
Comestibles
 i - 4 rations
 u - 9 chunks of flesh


   Skills:
 + Level 3.7 Fighting
 + Level 0.2 Short Blades
 + Level 6.6 Staves
 + Level 4.4 Dodging
 + Level 4.0 Stealth
 + Level 8.5 Spellcasting
 + Level 0.7 Summonings
 + Level 8.2 Ice Magic


You had 13 spell levels left.
You knew the following spells:

 Your Spells              Type           Power        Failure   Level  Hunger
a - Freeze                Ice            ####         1%          1    None
b - Frozen Ramparts       Ice            #####.       1%          3    None
c - Hailstorm             Conj/Ice       ####....     14%         4    ###....
d - Summon Ice Beast      Ice/Summ       ####....     13%         4    ###....

Your spell library contained the following spells:

 Spells                   Type           Power        Failure   Level  Hunger
 Ozocubu's Armour         Chrm/Ice       ####....     4%          3    None


Dungeon Overview and Level Annotations

Branches:
Dungeon (8/15)             Temple (0/1) D:5            Lair (0/6) D:8

Altars:
Cheibriados
Dithmenos
Gozag
Qazlal
Trog
Vehumet
Wu Jian
Yredelemnul
The Shining One

Shops:
D:4 *((   D:5 [

Annotations:
D:4 exclusion: statue
D:8 Joseph


Innate Abilities, Weirdness & Mutations

You can breathe bolts of dispelling energy.
Your rich purple scales are hard. (AC +7)
You cannot fit into any form of body armour.
You are cold-blooded and may be slowed by cold attacks.
You are very agile. (Dex +4)


Message History

Joseph zaps a wand.
You resist with almost no effort.
There is an open door here.
You close the door.
You have got your breath back.
Casting: Frozen Ramparts (safe; 1% risk of failure)
Confirm with . or Enter, or press ? or * to list all spells.
You can't see any susceptible monsters within range! (Use Z to cast anyway.)
You start resting.
Eating one of 10 chunks of flesh.
You eat one of the 10 chunks of flesh.
This raw flesh tastes terrible.
Joseph is too close now for your liking.
Joseph is nearby!
You open the door.
Joseph shouts, "Wow!"
Joseph shoots a sling bullet.
The sling bullet hits you!
* * * LOW HITPOINT WARNING * * *
There is an open door here.
You close the door.
You feel better.
Joseph shoots a sling bullet.
The sling bullet hits you!
You die...

.....#.........................
.....#......................>.
.....#.............##.......#
#...##....##@#######.......##
##...##....##+##...##........###
......#....@...................#
.).<..#.......((.(..(........#
.[.†.....>..........#####(####
####.....######.@...#####.#
#..÷......# #####.##..(.#
#..P........# #.##....##
..P.......P... #.##.....###
......>.(..... #......_.....
..........P... ######.....##
#...........#. ##....#
##.........## #....# ###.....###
#.####


You could see Joseph.

Vanquished Creatures
  An elephant (D:8)
  Maggie (D:6)
  Grinder (D:5)
  A yak (D:8)
  A basilisk (D:8)
  Eustachio (D:5)
  A hungry ghost (D:7)
  Duvessa (D:5)
  An orc warrior (D:7)
  A porcupine (D:6)
  A phantom (D:4)
  An ice beast (D:5)
  3 ogres
  A crocodile (D:8)
  A bullfrog (D:6)
  4 scorpions
  Dowan (D:5)
  4 killer bees (D:7)
  3 wights (D:6)
  A centaur zombie (D:7)
  5 crimson imps
  2 hounds
  3 jellies
  An orc wizard (D:4)
  Crazy Yiuf (D:3)
  2 iguanas
  Ijyb (D:4)
  Natasha (D:2)
  3 worker ants
  A worker ant zombie (D:5)
  A howler monkey skeleton (D:7)
  4 gnolls (D:7)
  7 adders
  A shadow imp (D:6)
  An ooze (D:2)
  An adder zombie (D:2)
  3 worms
  4 dart slugs
  4 leopard geckos
  23 orcs
  6 bats
  3 giant cockroaches
  4 goblins
  9 hobgoblins
  11 jackals
  7 quokkas
  A ball python (D:1)
  A ball python skeleton (D:4)
  4 frilled lizards
  A jackal zombie (D:5)
  7 kobolds
  A leopard gecko zombie (D:5)
  2 rats (D:2)
156 creatures vanquished.

Vanquished Creatures (others)
  A hound (D:5)
  A hound zombie (D:6)
2 creatures vanquished.

Grand Total: 158 creatures vanquished

Notes
Turn   | Place    | Note
-------+----------+-------------------------------------------
     0 | D:1      | HawFromDerth the Draconian Ice Elementalist began the quest
                  | for the Orb.
     0 | D:1      | Reached XP level 1. HP: 14/14 MP: 3/3
   289 | D:1      | Reached XP level 2. HP: 12/20 MP: 1/5
  1465 | D:2      | Reached XP level 3. HP: 26/26 MP: 4/6
  1569 | D:2      | Learned a level 3 spell: Frozen Ramparts
  1830 | D:2      | Noticed Natasha
  1866 | D:2      | Killed Natasha
  1866 | D:2      | Reached XP level 4. HP: 8/33 MP: 0/8
  1899 | D:2      | Gained mutation: You are agile. (Dex +2) [potion of
                  | mutation]
  1899 | D:2      | Gained mutation: You are very agile. (Dex +4) [potion of
                  | mutation]
  2190 | D:2      | Reached skill level 5 in Ice Magic
  2995 | D:3      | Found a runed translucent door.
  2996 | D:3      | Noticed Crazy Yiuf
  3559 | D:3      | Found a bloodstained altar of Trog.
  3631 | D:3      | Killed Crazy Yiuf
  3631 | D:3      | Reached XP level 5. HP: 27/38 MP: 4/10
  3767 | D:4      | Noticed an ogre
  3781 | D:4      | Found Fojongeq's Antique Weapon Emporium.
  3788 | D:4      | Killed an ogre
  3789 | D:4      | Reached XP level 6. HP: 45/45 MP: 3/12
  4096 | D:4      | Found Vaedun's Assorted Antiques.
  4114 | D:4      | Bought a gold wand for 100 gold pieces
  4132 | D:4      | Found an opulent altar of Gozag.
  4260 | D:4      | Found Lurhopamn's Antique Weapon Shoppe.
  4284 | D:4      | Found Ylekant's Distillery.
  4332 | D:4      | Found a radiant altar of Vehumet.
  4383 | D:4      | Your scales start taking on a rich purple colour.
  4383 | D:4      | Reached skill level 5 in Spellcasting
  4383 | D:4      | Reached XP level 7. HP: 50/50 MP: 10/15
  4548 | D:4      | Noticed Ijyb
  4559 | D:4      | Killed Ijyb
  4728 | D:5      | Entered Level 5 of the Dungeon
  4728 | D:5      | Noticed Duvessa
  4728 | D:5      | Noticed Dowan
  4739 | D:5      | Killed Dowan
  4739 | D:5      | Reached skill level 1 in Staves
  4753 | D:5      | Found a staircase to the Ecumenical Temple.
  4755 | D:5      | Killed Duvessa
  5187 | D:5      | Found a stormy altar of Qazlal.
  5188 | D:5      | Noticed an air elemental
  5188 | D:5      | Noticed a water elemental
  5188 | D:5      | Noticed a fire elemental
  5212 | D:5      | Noticed Eustachio
  5224 | D:5      | Killed Eustachio
  5224 | D:5      | Reached skill level 1 in Fighting
  5474 | D:5      | Found Mobo's Antique Armour Shoppe.
  5475 | D:5      | Noticed Grinder
  5500 | D:5      | Killed Grinder
  5500 | D:5      | Reached XP level 8. HP: 48/59 MP: 15/18
  5947 | D:5      | Learned a level 4 spell: Hailstorm
  5952 | D:5      | Learned a level 4 spell: Summon Ice Beast
  6091 | D:5      | Got a wavering diamond amulet
  6436 | D:5      | Found a basalt altar of Yredelemnul.
  6655 | D:6      | Found a snail-covered altar of Cheibriados.
  6864 | D:6      | Found a shadowy altar of Dithmenos.
  6908 | D:6      | Noticed Maggie
  6921 | D:6      | Killed Maggie
  7569 | D:6      | Found a glowing golden altar of the Shining One.
  7643 | D:6      | Reached XP level 9. HP: 68/68 MP: 20/20
  8424 | D:7      | Reached skill level 5 in Staves
  8809 | D:7      | Got a spiked cloak
  8810 | D:7      | Identified the +2 cloak of the Tick {rPois Str-2 Slay+5}
                  | (You found it on level 7 of the Dungeon)
  9275 | D:7      | Found an ornate altar of the Wu Jian Council.
  9862 | D:8      | Found a staircase to the Lair.
  9862 | D:8      | Noticed an elephant
  9902 | D:8      | Killed an elephant
 10000 | D:8      | Found a snail-covered altar of Cheibriados.
 10001 | D:8      | Noticed Joseph
 10054 | D:8      | HP: 3/71 [Joseph/sling bullet (10)]
 10062 | D:8      | Shot with a sling bullet by Joseph

Illustrated notes

Levels and vault maps discovered:
D:1:      evilmike_arrival_plus, layout_loops_ring
D:2:      layout_basic, kennysheep_cluttered_room, uniq_natasha
D:3:      layout_loops_ring, lemuel_round_altar, uniq_crazy_yiuf_cottage
D:4:      layout_rooms, nicolae_gozag_cash_rules_everything_around_me,
          vehumet_statue, serial_shops,
          nicolae_shop_temple_entry_statues_fountains, shop_fountains,
          shop_coins, nicolae_shop_statue_plus, first_ration, uniq_ijyb
D:5:      layout_loops_corners, nicolae_qazlal_style_of_elements,
          kennysheep_little_box, minmay_temple_entry_large_hall, serial_shops,
          shop_fountains, abandoned_shop, uniq_grinder, uniq_duvessa,
          uniq_eustachio
D:6:      layout_gridville, kennysheep_mini, grunt_dithmenos_shadows,
          kennysheep_slug_shrine, uniq_maggie
D:7:      layout_layer_cave, lemuel_doored_altar
D:8:      layout_gridville, nicolae_overflow_crystal_walls, david_lair_generic,
          uniq_pikel, uniq_erica, uniq_joseph, uniq_grum

Skill      XL: |  1  2  3  4  5  6  7  8  9 |
---------------+----------------------------+-----
Spellcasting   | 3 4 5 7 8 |  8.5
Ice Magic      | 5 6 7 8 |  8.2
Dodging        | 2 3 4 |  4.4
Stealth        | 2 3 4 |  4.0
Staves         | 2 4 6 |  6.6
Fighting       | 1 2 3 |  3.7
Short Blades   | |  0.2
Summonings     | |  0.7

Action                   |  1- 3 |  4- 6 |  7- 9 || total
-------------------------+-------+-------+-------++-------
Melee: Unarmed           |     5 |       |       ||     5
       Tailslap          |     1 |     5 |    17 ||    23
       Dagger            |       |    24 |       ||    24
       Quarterstaff      |       |    16 |   181 ||   197
 Cast: Freeze            |    47 |    44 |    30 ||   121
       Frozen Ramparts   |     3 |    10 |    21 ||    34
       Summon Ice Beast  |       |       |     2 ||     2
 Abil: Breathe Dispellin |       |       |     5 ||     5
Evoke: Wand              |       |     1 |       ||     1
  Use: Scroll            |     3 |     6 |     6 ||    15
       Potion            |     2 |     3 |     4 ||     9
 Stab: Sleeping          |       |     1 |     5 ||     6
       Paralysed         |       |       |     3 ||     3
  Eat: Chunk             |     1 |     8 |    10 ||    19
       Ration            |     1 |       |     3 ||     4
Armor: Skin              |    12 |    27 |    64 ||   103
Dodge: Dodged            |    28 |    51 |   160 ||   239
